| TOP OF THE 1ST |
|
Reno Aces batting - Pitching for Oklahoma City Dodgers : RHP Nick Harmon
|
|
Pitching: RHP Nick Harmon
|
|
|
Batting: LHB Willie Gutierrez
|
0-0: Called Strike 0-1: Ball 1-1: Foul Ball, location: 2F 1-2: Ball 2-2: Foul Ball, location: 2F 2-2: Foul Ball, location: 2F 2-2: SINGLE (Line Drive, 6MD, EV 96.9 MPH)
|
|
Batting: RHB Jesus Galvan
|
0-0: Called Strike 0-1: Grounds into double play, 6-4-3 (Groundball, 6, EV 107.5 MPH)
|
|
Batting: LHB Bobby Arevalo
|
0-0: Ball 1-0: Fly out, F7 (Flyball, 78S, EV 85.6 MPH)
|
| Top of the 1st over - 0 runs, 1 hit, 0 errors, 0 left on base; Reno 0 - Oklahoma City 0 |
| BOTTOM OF THE 1ST |
|
Oklahoma City Dodgers batting - Pitching for Reno Aces : RHP Yeong-kil Suck
|
|
Pitching: RHP Yeong-kil Suck
|
|
|
Batting: RHB Theo Schepers
|
0-0: Ball 1-0: Foul Ball, location: 2F 1-1: Bunted foul 1-2: Ground out U3 (Groundball, 34, EV 86.9 MPH)
|
|
Batting: RHB Tommy Hunter
|
0-0: Ball 1-0: Foul Ball, location: 2F 1-1: Foul Ball, location: 2F 1-2: Strikes out swinging
|
|
Batting: LHB Chris Buchan
|
0-0: Foul Ball, location: 2F 0-1: Called Strike 0-2: Ball 1-2: Strikes out swinging
|
| Bottom of the 1st over - 0 runs, 0 hits, 0 errors, 0 left on base; Reno 0 - Oklahoma City 0 |
| TOP OF THE 2ND |
|
Reno Aces batting - Pitching for Oklahoma City Dodgers : RHP Nick Harmon
|
|
Batting: LHB Ian Jarvis
|
0-0: Foul Ball, location: 2F 0-1: Ball 1-1: Foul Ball, location: 2F 1-2: Strikes out swinging
|
|
Batting: LHB Soo-yeon Kym
|
0-0: Ball 1-0: Ground out 1-3 (Groundball, 15S, EV 71.9 MPH)
|
|
Batting: RHB Danny Gerardo
|
0-0: Foul Ball, location: 2F 0-1: Foul Ball, location: 2F 0-2: Foul Ball, location: 2F 0-2: Strikes out swinging
|
| Top of the 2nd over - 0 runs, 0 hits, 0 errors, 0 left on base; Reno 0 - Oklahoma City 0 |
| BOTTOM OF THE 2ND |
|
Oklahoma City Dodgers batting - Pitching for Reno Aces : RHP Yeong-kil Suck
|
|
Batting: LHB Stephen Van Raalte
|
0-0: Called Strike 0-1: Foul Ball, location: 2F 0-2: DOUBLE (Line Drive, 89M, EV 103.8 MPH)
|
|
Batting: LHB Steve Pond
|
0-0: Ball 1-0: Foul Ball, location: 2F 1-1: Ground out 5-3 (Groundball, 5, EV 97.5 MPH)
|
|
Batting: LHB Tore Bosch
|
0-0: Called Strike 0-1: Swinging Strike 0-2: Ball 1-2: Ground out 4-3 (Groundball, 34D, EV 98.8 MPH) Stephen Van Raalte to third
|
|
Batting: RHB Alex Cid
|
0-0: Ball 1-0: Swinging Strike 1-1: Called Strike 1-2: Foul Ball, location: 2F 1-2: Foul Ball, location: 2F 1-2: Ground out 5-3 (Groundball, 56, EV 103.8 MPH)
|
| Bottom of the 2nd over - 0 runs, 1 hit, 0 errors, 1 left on base; Reno 0 - Oklahoma City 0 |
| TOP OF THE 3RD |
|
Reno Aces batting - Pitching for Oklahoma City Dodgers : RHP Nick Harmon
|
|
Batting: RHB Enrique Juarez
|
0-0: Fly out, F9 (Flyball, 9D, EV 105.0 MPH)
|
|
Batting: RHB Yutaka Oki
|
0-0: Ball 1-0: Swinging Strike 1-1: Foul Ball, location: 2F 1-2: Foul Ball, location: 2F 1-2: Ball 2-2: Strikes out swinging
|
|
Batting: RHB Dustin Clark
|
0-0: Called Strike 0-1: Ground out 5-3 (Groundball, 5S, EV 86.2 MPH)
|
| Top of the 3rd over - 0 runs, 0 hits, 0 errors, 0 left on base; Reno 0 - Oklahoma City 0 |
| BOTTOM OF THE 3RD |
|
Oklahoma City Dodgers batting - Pitching for Reno Aces : RHP Yeong-kil Suck
|
|
Batting: RHB Kevin Ezell
|
0-0: Ball 1-0: Ball 2-0: Ground out 4-3 (Groundball, 4M, EV 104.4 MPH)
|
|
Batting: LHB Darrell Ortega
|
0-0: Called Strike 0-1: Ball 1-1: Ball 2-1: Swinging Strike 2-2: Ball 3-2: Foul Ball, location: 2F 3-2: Strikes out swinging
|
|
Batting: RHB Theo Schepers
|
0-0: Ball 1-0: Foul Ball, location: 2F 1-1: Ball 2-1: Ball 3-1: Swinging Strike 3-2: Foul Ball, location: 2F 3-2: Fly out, F9 (Flyball, 9LM, EV 93.8 MPH)
|
| Bottom of the 3rd over - 0 runs, 0 hits, 0 errors, 0 left on base; Reno 0 - Oklahoma City 0 |
| TOP OF THE 4TH |
|
Reno Aces batting - Pitching for Oklahoma City Dodgers : RHP Nick Harmon
|
|
Batting: LHB Willie Gutierrez
|
0-0: Called Strike 0-1: Foul Ball, location: 2F 0-2: Strikes out swinging, 2-3 out at first.
|
|
Batting: RHB Jesus Galvan
|
0-0: Called Strike 0-1: Ball 1-1: Foul Ball, location: 2F 1-2: Ball 2-2: Ball 3-2: Strikes out swinging
|
|
Batting: LHB Bobby Arevalo
|
0-0: Foul Ball, location: 2F 0-1: Foul Ball, location: 2F 0-2: Foul Ball, location: 2F 0-2: Ball 1-2: SINGLE (Groundball, 4MD, EV 93.8 MPH)
|
|
Batting: LHB Ian Jarvis
|
0-0: SINGLE (Groundball, 34D, EV 95.0 MPH) Bobby Arevalo to second Runner from 2nd tries for 3rd, SAFE, throw by RF made to third Ian Jarvis to second
|
|
Batting: LHB Soo-yeon Kym
|
0-0: Swinging Strike 0-1: Swinging Strike 0-2: Foul Ball, location: 2F 0-2: Ball 1-2: Strikes out swinging
|
| Top of the 4th over - 0 runs, 2 hits, 0 errors, 2 left on base; Reno 0 - Oklahoma City 0 |
| BOTTOM OF THE 4TH |
|
Oklahoma City Dodgers batting - Pitching for Reno Aces : RHP Yeong-kil Suck
|
|
Batting: RHB Tommy Hunter
|
0-0: Ball 1-0: Ball 2-0: Ball 3-0: Ground out 5-3 (Groundball, 56S, EV 88.8 MPH)
|
|
Batting: LHB Chris Buchan
|
0-0: Ball 1-0: Called Strike 1-1: Foul Ball, location: 2F 1-2: Fly out, F7 (Flyball, 7S, EV 90.6 MPH)
|
|
Batting: LHB Stephen Van Raalte
|
0-0: Foul Ball, location: 2F 0-1: Foul Ball, location: 2F 0-2: Strikes out swinging
|
| Bottom of the 4th over - 0 runs, 0 hits, 0 errors, 0 left on base; Reno 0 - Oklahoma City 0 |
| TOP OF THE 5TH |
|
Reno Aces batting - Pitching for Oklahoma City Dodgers : RHP Nick Harmon
|
|
Batting: RHB Danny Gerardo
|
0-0: Ground out 5-3 (Groundball, 5L, EV 87.5 MPH)
|
|
Batting: RHB Enrique Juarez
|
0-0: SINGLE (Groundball, 4D, EV 96.2 MPH)
|
|
Batting: RHB Yutaka Oki
|
0-0: SINGLE (Line Drive, 4D, EV 98.1 MPH) Enrique Juarez to second Runner from 2nd tries for 3rd, SAFE, no throw by CF
|
|
Batting: RHB Dustin Clark
|
0-0: Called Strike Yutaka Oki is caught stealing 2nd base 2-4 0-1: Ball 1-1: Swinging Strike 1-2: Foul Ball, location: 2F 1-2: Ball 2-2: Ball 3-2: Foul Ball, location: 2F 3-2: Foul Ball, location: 2F 3-2: Strikes out swinging
|
| Top of the 5th over - 0 runs, 2 hits, 0 errors, 1 left on base; Reno 0 - Oklahoma City 0 |
| BOTTOM OF THE 5TH |
|
Oklahoma City Dodgers batting - Pitching for Reno Aces : RHP Yeong-kil Suck
|
|
Batting: LHB Steve Pond
|
0-0: Foul Ball, location: 2F 0-1: Swinging Strike 0-2: Strikes out swinging
|
|
Batting: LHB Tore Bosch
|
0-0: Ball 1-0: Called Strike 1-1: SINGLE (Line Drive, 56D, EV 101.2 MPH)
|
|
Batting: RHB Alex Cid
|
0-0: Swinging Strike 0-1: Grounds into double play, 6-4-3 (Groundball, 6, EV 83.1 MPH)
|
| Bottom of the 5th over - 0 runs, 1 hit, 0 errors, 0 left on base; Reno 0 - Oklahoma City 0 |
| TOP OF THE 6TH |
|
Reno Aces batting - Pitching for Oklahoma City Dodgers : RHP Nick Harmon
|
|
Batting: LHB Willie Gutierrez
|
0-0: SINGLE (Groundball, 5S, EV 66.2 MPH) (infield hit)
|
|
Batting: RHB Jesus Galvan
|
0-0: Ball 1-0: Called Strike 1-1: Called Strike 1-2: Ball 2-2: Fly out, F9 (Flyball, 9LS, EV 80.0 MPH)
|
|
Batting: LHB Bobby Arevalo
|
0-0: Called Strike 0-1: Ball 1-1: Ball 2-1: Ball 3-1: Base on Balls Willie Gutierrez to second
|
|
Batting: LHB Ian Jarvis
|
0-0: Foul Ball, location: 2F 0-1: Foul Ball, location: 2F 0-2: Ball 1-2: DOUBLE (Flyball, 89D, EV 97.5 MPH) Willie Gutierrez scores Bobby Arevalo to third
|
|
Batting: LHB Soo-yeon Kym
|
0-0: Ball 1-0: Called Strike 1-1: Foul Ball, location: 2F 1-2: Hit by Pitch
|
|
Batting: RHB Danny Gerardo
|
0-0: SINGLE (Groundball, 56D, EV 94.4 MPH) Bobby Arevalo scores Ian Jarvis to third Soo-yeon Kym to second
|
|
Batting: RHB Enrique Juarez
|
0-0: Ball 1-0: Called Strike 1-1: Fly out, F8 (Line Drive, 89D, EV 94.4 MPH) Runner from 3rd tags up, SCORES, no throw by CF Soo-yeon Kym to third
|
|
Batting: RHB Yutaka Oki
|
0-0: Ball 1-0: Called Strike 1-1: Ball 2-1: Called Strike 2-2: Fielders Choice at 2nd, U6 (Groundball, 6M, EV 84.4 MPH)
|
| Top of the 6th over - 3 runs, 3 hits, 0 errors, 2 left on base; Reno 3 - Oklahoma City 0 |
| BOTTOM OF THE 6TH |
|
Oklahoma City Dodgers batting - Pitching for Reno Aces : RHP Yeong-kil Suck
|
|
Batting: RHB Kevin Ezell
|
0-0: Ball 1-0: Called Strike 1-1: Called Strike 1-2: DOUBLE (Flyball, 89D, EV 110.0 MPH)
|
|
Batting: LHB Darrell Ortega
|
0-0: Called Strike 0-1: Ground out 5-3 (Groundball, 5, EV 100.0 MPH)
|
|
Batting: RHB Theo Schepers
|
0-0: Ball 1-0: Foul Ball, location: 2F 1-1: Swinging Strike 1-2: Fly out, F8 (Flyball, 8RM, EV 90.6 MPH)
|
|
Batting: RHB Tommy Hunter
|
0-0: Called Strike 0-1: Called Strike 0-2: Strikes out swinging
|
| Bottom of the 6th over - 0 runs, 1 hit, 0 errors, 1 left on base; Reno 3 - Oklahoma City 0 |
| TOP OF THE 7TH |
|
Reno Aces batting - Pitching for Oklahoma City Dodgers : RHP Nick Harmon
|
|
Batting: RHB Dustin Clark
|
0-0: Ball 1-0: Called Strike 1-1: Fly out, F7 (Line Drive, 7, EV 104.4 MPH)
|
|
Batting: LHB Willie Gutierrez
|
0-0: Called Strike 0-1: Ball 1-1: Foul Ball, location: 2F 1-2: SINGLE (Flyball, 56D, EV 90.0 MPH)
|
|
Batting: RHB Jesus Galvan
|
0-0: Fly out, F6 (Line Drive, 6M, EV 68.8 MPH)
|
|
Batting: LHB Bobby Arevalo
|
0-0: Foul Ball, location: 2F 0-1: Ball 1-1: Ball 2-1: Ball 3-1: Foul Ball, location: 2F 3-2: Reached on error, E4 (Groundball, 4, EV 108.8 MPH) Willie Gutierrez to third
|
|
Pitching: RHP Paulo Guincho
|
|
|
Batting: LHB Ian Jarvis
|
0-0: Ball 1-0: Called Strike 1-1: Foul Ball, location: 2F 1-2: Ball 2-2: Fly out, F9 (Flyball, 89D, EV 105.0 MPH)
|
| Top of the 7th over - 0 runs, 1 hit, 1 error, 2 left on base; Reno 3 - Oklahoma City 0 |
| BOTTOM OF THE 7TH |
|
Oklahoma City Dodgers batting - Pitching for Reno Aces : RHP Yeong-kil Suck
|
|
Batting: LHB Chris Buchan
|
0-0: Called Strike 0-1: Fly out, F4 (Popup, 4, EV 62.5 MPH)
|
|
Batting: LHB Stephen Van Raalte
|
0-0: Called Strike 0-1: Ball 1-1: Ball 2-1: DOUBLE (Flyball, 8LXD, EV 101.9 MPH)
|
|
Batting: LHB Steve Pond
|
0-0: Ball 1-0: Foul Ball, location: 2F 1-1: Ground out U3 (Groundball, 3, EV 89.4 MPH) Stephen Van Raalte to third
|
|
Batting: LHB Tore Bosch
|
0-0: Ball 1-0: Ball 2-0: Ground out 6-3 (Groundball, 6, EV 106.2 MPH)
|
| Bottom of the 7th over - 0 runs, 1 hit, 0 errors, 1 left on base; Reno 3 - Oklahoma City 0 |
| TOP OF THE 8TH |
|
Reno Aces batting - Pitching for Oklahoma City Dodgers : RHP Paulo Guincho
|
|
Batting: LHB Soo-yeon Kym
|
0-0: Called Strike 0-1: Swinging Strike 0-2: Foul Ball, location: 2F 0-2: Strikes out looking
|
|
Batting: RHB Danny Gerardo
|
0-0: Ball 1-0: Ground out U3 (Groundball, 3L, EV 79.4 MPH)
|
|
Batting: RHB Enrique Juarez
|
0-0: Called Strike 0-1: Ball 1-1: Fly out, F8 (Flyball, 8RM, EV 73.8 MPH)
|
| Top of the 8th over - 0 runs, 0 hits, 0 errors, 0 left on base; Reno 3 - Oklahoma City 0 |
| BOTTOM OF THE 8TH |
|
Oklahoma City Dodgers batting - Pitching for Reno Aces : RHP Yeong-kil Suck
|
|
Batting: RHB Alex Cid
|
0-0: Ball 1-0: Ball 2-0: DOUBLE (Flyball, 78D, EV 90.6 MPH)
|
|
Batting: RHB Kevin Ezell
|
0-0: Ball 1-0: Fly out, F7 (Line Drive, 7LM, EV 97.5 MPH)
|
|
Batting: LHB Darrell Ortega
|
0-0: Called Strike 0-1: Ball 1-1: Ball 2-1: Fly out, F8 (Flyball, 8RXD, EV 101.2 MPH) Runner from 2nd tags up, SAFE at 3rd, no throw by CF
|
|
Batting: RHB Theo Schepers
|
0-0: Called Strike 0-1: Ball 1-1: Called Strike 1-2: Strikes out swinging
|
| Bottom of the 8th over - 0 runs, 1 hit, 0 errors, 1 left on base; Reno 3 - Oklahoma City 0 |
| TOP OF THE 9TH |
|
Reno Aces batting - Pitching for Oklahoma City Dodgers : RHP Paulo Guincho
|
|
Pitching: RHP André Gaillard
|
|
|
Batting: RHB Yutaka Oki
|
0-0: Called Strike 0-1: SINGLE (Groundball, 15S, EV 70.0 MPH) (infield hit)
|
|
Batting: RHB Dustin Clark
|
0-0: Bunt missed! 0-1: Bunted foul 0-2: Ball 1-2: Ball 2-2: Strikes out swinging
|
|
Batting: LHB Willie Gutierrez
|
0-0: Called Strike 0-1: Foul Ball, location: 2F 0-2: Ball 1-2: Reached on error, E2 (Groundball, 2L, EV 65.0 MPH) Yutaka Oki to third
|
|
Batting: RHB Jesus Galvan
|
0-0: Fly out, F8 (Line Drive, 89M, EV 108.1 MPH) Runner from 3rd tags up, SCORES, throw by CF Willie Gutierrez to third
|
|
Batting: LHB Bobby Arevalo
|
0-0: Ball 1-0: Foul Ball, location: 2F 1-1: Ball 2-1: 2-RUN HOME RUN (Flyball, 7LD, EV 96.2 MPH), Distance : 356 ft
|
|
Batting: LHB Ian Jarvis
|
0-0: Called Strike 0-1: Swinging Strike 0-2: Strikes out swinging
|
| Top of the 9th over - 3 runs, 2 hits, 1 error, 0 left on base; Reno 6 - Oklahoma City 0 |
| BOTTOM OF THE 9TH |
|
Oklahoma City Dodgers batting - Pitching for Reno Aces : RHP Yeong-kil Suck
|
|
Batting: RHB Tommy Hunter
|
0-0: Ball 1-0: Called Strike 1-1: Foul Ball, location: 2F 1-2: Foul Ball, location: 2F 1-2: Ball 2-2: SINGLE (Line Drive, 3D, EV 95.0 MPH)
|
|
Pitching: RHP Elvis Diaz
|
|
|
Batting: LHB Chris Buchan
|
0-0: SINGLE (Flyball, 8LS, EV 91.9 MPH) Tommy Hunter to second
|
|
Batting: LHB Stephen Van Raalte
|
0-0: Ball 1-0: Called Strike 1-1: Called Strike 1-2: Foul Ball, location: 2F 1-2: Strikes out swinging
|
|
Batting: LHB Steve Pond
|
0-0: Swinging Strike 0-1: Ball 1-1: Swinging Strike 1-2: Ball 2-2: Ball 3-2: Strikes out looking
|
|
Batting: LHB Tore Bosch
|
0-0: Ball 1-0: Foul Ball, location: 2F 1-1: 3-RUN HOME RUN (Flyball, 7D, EV 97.5 MPH), Distance : 369 ft
|
|
Batting: RHB Alex Cid
|
0-0: Ball 1-0: Foul Ball, location: 2F 1-1: Ball 2-1: Ball 3-1: Base on Balls
|
|
Pitching: RHP Mike Osgood
|
|
|
Batting: RHB Kevin Ezell
|
0-0: Ball 1-0: Swinging Strike 1-1: Fly out, F3 (Popup, 3F, EV 68.1 MPH)
|
| Bottom of the 9th over - 3 runs, 3 hits, 0 errors, 1 left on base; Reno 6 - Oklahoma City 3 |
|